 Dungeon Crawl Stone Soup version 0.19-b1-4-gd8a0a2a (webtiles) character file.

235 cedor the Chopper (level 6, -2/50 HPs)
             Began as a Hill Orc Warper on Oct 30, 2016.
             Killed from afar by Blork the orc (12 damage)
             ... with a puff of frost
             ... on level 6 of the Dungeon.
             The game lasted 00:12:59 (2934 turns).

cedor the Chopper (Hill Orc Warper)                 Turns: 2934, Time: 00:12:59

Health: -2/50      AC:  3    Str: 19    XL:     6   Next: 5%
Magic:  5/9        EV: 17    Int: 15    God:
Gold:   173        SH:  0    Dex: 15    Spells: 3 memorised, 3 levels left

rFire  . . .     SeeInvis .     a - +0 hand axe
rCold  . . .     Gourm    .     g - +0 leather armour
rNeg   . . .     Faith    .     (no shield)
rPois  .         Spirit   .     (no helmet)
rElec  .         Reflect  .     (no cloak)
rCorr  +         Harm     .     (no gloves)
MR     .....                    (no boots)
Stlth  ++........               (no amulet)
                                m - ring of resist corrosion
                                w - +5 ring of strength

@: agile, shrouded, very slightly contaminated
A: no striking features
a: no special abilities


You were on level 6 of the Dungeon.
You were very hungry.

You visited 1 branch of the dungeon, and saw 6 of its levels.

You collected 173 gold pieces.


   Skills:
 - Level 2.4 Fighting
 + Level 3.2 Axes
 - Level 3.1 Slings
 - Level 0.8(2.1) Throwing
 + Level 2.9 Armour
 - Level 1.5 Dodging
 + Level 2.5 Spellcasting
 + Level 0.0 Charms
 + Level 2.9 Translocations


You had 3 spell levels left.
You knew the following spells:

 Your Spells              Type           Power        Failure   Level  Hunger
a - Shroud of Golubria    Chrm/Tloc      #.........   21%         2    ###....
b - Blink                 Tloc           N/A          12%         2    ###....
z - Teleport Other        Tloc           ##......     24%         3    ###....

Inventory:

Hand Weapons
 a - a +0 hand axe (weapon)
 b - a +2 hunting sling of velocity
Missiles
 e - 5 tomahawks of dispersal {=f}
 i - 6 tomahawks (quivered)
 o - 74 stones
 s - 38 sling bullets
Armour
 g - a +0 leather armour (worn)
Jewellery
 l - an uncursed ring of see invisible
 m - a ring of resist corrosion (right hand)
 n - an uncursed ring of fire
 w - a +5 ring of strength (left hand)
Scrolls
 d - 2 scrolls of blinking
 h - a scroll of enchant weapon {unknown}
Potions
 u - a potion of cancellation
Books
 c - a book of Spatial Translocations

   Spells                             Type                      Level
   a - Blink                          Translocation                2
   b - Shroud of Golubria             Charms/Translocation         2
   c - Lesser Beckoning               Translocation                3
   d - Portal Projectile              Translocation                3
   e - Teleport Other                 Translocation                3
   f - Passage of Golubria            Translocation                4
Comestibles
 f - 4 bread rations
 x - a beef jerky
 z - 2 meat rations
 A - a royal jelly

Dungeon Overview and Level Annotations

Branches:
Dungeon (6/15)
 Temple: D:4-7

Altars:
Sif Muna

Annotations:
D:3 Sigmund
D:6 Blork the orc, Pikel

▒▒▒▒▒ ▒...▒ ▒▒▒▒▒▒▒▒▒▒ ▒...▒
▒...▒....▒▒▒▒▒
▒...▒▒▒▒▒...▒....▒...▒
▒.......▒...▒....▒...▒▒▒▒▒▒▒▒▒▒▒▒
............+....................
........▒...▒...o▒.......▒▒▒▒▒▒▒▒
.....▒.▒▒▒▒▒▒...{▒.......▒
......... ▒....▒.......▒
.......... ▒▒▒▒▒▒.......▒
.▒........ ▒▒▒▒....▒ ▒▒▒▒
.▒......... ▒....▒ ▒...
▒▒........ ...▒▒▒ ▒.▒▒


There were no monsters in sight!


Message History

Blork the orc is severely wounded.
Blork the orc closely misses you.
Blork the orc gestures wildly while chanting.
Blork the orc flickers and vanishes!
Deactivating autopickup; reactivate with Ctrl-A.
You hit something. Something hits you but does no damage.
You hear some strange, mumbled words.
A puff of frost appears from out of thin air!
The puff of frost misses you.
You closely miss something. Something hits you!
* * * LOW HITPOINT WARNING * * *
It was a potion of magic.
Magic courses through your body. Something hits you!
* * * LOW HITPOINT WARNING * * *
Casting: Shroud of Golubria
Confirm with . or Enter, or press ? or * to list all spells.
Space distorts slightly along a thin shroud covering your body.
Something hits you.
* * * LOW HITPOINT WARNING * * *
Your shroud falls apart!
Casting: Shroud of Golubria
Confirm with . or Enter, or press ? or * to list all spells.
Space distorts slightly along a thin shroud covering your body.
You are feeling very hungry.
Something closely misses you. Something hits you.
* * * LOW HITPOINT WARNING * * *
You feel better.
You hear some strange, mumbled words.
A puff of frost appears from out of thin air!
The puff of frost hits you!
You die...

Action                   |  1- 3 |  4- 6 || total
-------------------------+-------+-------++-------
Melee: Hand axe          |    86 |   154 ||   240
 Fire: Hunting sling     |    34 |    22 ||    56
Throw: Tomahawk          |       |     2 ||     2
 Cast: Shroud of Golubri |     2 |    16 ||    18
  Use: Scroll            |       |    13 ||    13
       Potion            |       |     3 ||     3
  Eat: Chunk             |       |     7 ||     7
Armor: Leather armour    |    45 |    49 ||    94
Dodge: Dodged            |    91 |   132 ||   223

Vault maps used:
D:1:      dpeg_arrival_tiny_a, minmay_pentomino_s4
D:2:      marbit_many_paths
D:3:      first_bread, uniq_iyjb, uniq_sigmund
D:4:      kennysheep_mini_moat
D:5:      minmay_mini_ossuary
D:6:      zin_angel, basic_altar, uniq_pikel, uniq_blork_the_orc

Notes
Turn   | Place    | Note
-------+----------+-------------------------------------------
     0 | D:1      | cedor the Hill Orc Warper began the quest for the Orb.
     0 | D:1      | Reached XP level 1. HP: 18/18 MP: 3/3
   222 | D:1      | Reached XP level 2. HP: 18/25 MP: 4/4
   361 | D:1      | Reached skill level 2 in Spellcasting
   365 | D:1      | Learned a level 2 spell: Blink
   368 | D:1      | Learned a level 2 spell: Shroud of Golubria
   433 | D:1      | Reached skill level 1 in Slings
   468 | D:1      | Reached XP level 3. HP: 22/30 MP: 6/6
   940 | D:2      | Reached skill level 2 in Armour
   940 | D:2      | Reached XP level 4. HP: 11/37 MP: 3/7
  1211 | D:1      | Learned a level 3 spell: Teleport Other
  1457 | D:2      | Reached skill level 2 in Slings
  1754 | D:2      | Reached XP level 5. HP: 20/42 MP: 5/8
  1757 | D:2      | Reached skill level 3 in Axes
  1785 | D:2      | Found a deep blue altar of Sif Muna.
  2171 | D:3      | Noticed Sigmund
  2175 | D:3      | Noticed Ijyb
  2198 | D:2      | Killed Ijyb
  2541 | D:4      | You fall through a shaft for 2 floors!
  2583 | D:6      | Reached skill level 3 in Slings
  2604 | D:5      | Entered Level 5 of the Dungeon
  2664 | D:4      | Reached XP level 6. HP: 22/50 MP: 6/9
  2877 | D:4      | You fall through a shaft for 2 floors!
  2877 | D:6      | Noticed Pikel
  2877 | D:6      | Noticed a slave
  2877 | D:6      | Noticed a slave
  2877 | D:6      | Noticed a slave
  2878 | D:6      | Noticed a slave
  2912 | D:6      | Noticed Blork the orc
  2932 | D:6      | HP: 5/50 [something (4)]
  2933 | D:6      | HP: 2/50 [something (3)]
  2934 | D:6      | Killed from afar by Blork the orc

Vanquished Creatures
  Ijyb (D:2)
  A worker ant zombie (D:6)
  12 adders
  A shadow imp (D:6)
  2 oozes
  A dart slug (D:1)
  4 giant cockroaches
  8 goblins
  6 hobgoblins
  10 jackals
  5 kobolds
  A quokka (D:2)
  7 bats
  8 frilled lizards
  13 rats
80 creatures vanquished.
